 Dungeon Crawl Stone Soup version 0.30.0-10-gfe55d96785 (webtiles) character file.

Game seed: 15124910125532664080

2556 LoNine the Cleaver (level 9, -5/120 HPs)
             Began as a Minotaur Fighter on May 14, 2023.
             Was a Follower of Trog.
             Succumbed to P0WERM0DE's ghost's poison
             ... on level 7 of the Dungeon.
             The game lasted 00:26:47 (7106 turns).

LoNine the Cleaver (Minotaur Fighter)               Turns: 7106, Time: 00:26:47

Health: -5/120     AC: 16    Str: 25    XL:     9   Next: 31%
Magic:  2/8        EV:  8    Int:  5    God:    Trog [*.....]
Gold:   388        SH:  9    Dex: 10    Spells: 8/8 levels left

rFire   + . .        a - +1 war axe
rCold   + . .        m - +0 kite shield
rNeg    . . .        i - +0 chain mail
rPois   .            (helmet restricted)
rElec   .            B - scarf {rC+ rF+}
rCorr   .            (no gloves)
SInv    .            e - +0 pair of boots
Will    .....        p - amulet of guardian spirit Stlth
                     F - +4 ring of protection
HPRegen 0.40/turn    (no ring)
MPRegen 0.11/turn

%: guardian spirit
@: berserking (expiring), lethally poisoned (-5 -> -56), very quick
A: horns 2, retaliatory headbutt
a: Renounce Religion, Berserk


You were on level 7 of the Dungeon.
You worshipped Trog.
Trog was aware of your devotion.
You visited 2 branches of the dungeon, and saw 8 of its levels.

You collected 388 gold pieces.

Inventory:

Hand Weapons
 a - a +1 war axe (weapon)
Missiles
 f - 2 silver boomerangs
 o - 6 javelins
 t - a boomerang
 A - 51 stones (quivered)
Armour
 e - a +0 pair of boots (worn)
 i - a +0 chain mail (worn)
 m - a +0 kite shield (worn)
 B - a scarf of resistance (worn)
Jewellery
 p - an amulet of guardian spirit (around neck)
 F - a +4 ring of protection (left hand)
Wands
 c - a wand of paralysis (8)
 l - a wand of flame (9)
 w - a wand of roots (14)
Scrolls
 b - a scroll of poison
 v - a scroll of blinking
 y - 2 scrolls of fear
 z - a scroll of fog {unknown}
 C - 2 scrolls of enchant weapon
 D - 2 scrolls of identify
 E - a scroll of amnesia {unknown}
 G - a scroll of teleportation
 H - a scroll of enchant armour {unknown}
 I - a scroll of acquirement {unknown}
Potions
 d - a potion of might
 g - 3 potions of flight
 h - 3 potions of haste
 j - 7 potions of curing
 k - 2 potions of heal wounds
 n - a potion of attraction
 q - a potion of magic
 r - a potion of lignification
 s - a potion of invisibility
 u - a potion of cancellation {unknown}
 x - a potion of berserk rage {unknown}


   Skills:
 + Level 7.6 Fighting
 * Level 9.9 Axes
 + Level 7.7 Armour
 + Level 7.7 Shields


You had 8 spell levels left.
You didn't know any spells.
Your spell library contained the following spells:

 Spells                   Type           Power      Damage    Failure   Level
 Slow                     Hex            0%         N/A       99%         1
 Sublimation of Blood     Necr           0%         N/A       100%        2
 Wereblood                Tmut           0%         N/A       100%        2
 Confusing Touch          Hex            0%         N/A       100%        3
 Vampiric Draining        Necr           0%         2d6       100%        3
 Summon Hydra             Summ           0%         N/A       100%        7


Dungeon Overview and Level Annotations

Branches:
Dungeon (7/15)             Temple (1/1) D:5

Altars:
Ashenzari
Cheibriados
Fedhas
Gozag
Hepliaklqana
Kikubaaqudgha
Makhleb
Nemelex Xobeh
Ru
Sif Muna
Trog
Uskayaw
Vehumet
Wu Jian
Xom
Yredelemnul
Zin

Shops:
D:6 *

Annotations:
D:5 3 runed translucent doors, tish's ghost, novice BaSu
D:7 P0WERM0DE's ghost, novice DsCK


Innate Abilities, Weirdness & Mutations

You have a pair of horns on your head.
You reflexively headbutt those who attack you in melee.


Message History

P0WERM0DE's ghost is moderately damaged.
You feel very sick.
You closely miss P0WERM0DE's ghost. Your headbutt misses P0WERM0DE's ghost.
P0WERM0DE's ghost is moderately damaged.
You feel very sick. P0WERM0DE's ghost hits you!
You are more poisoned.
You closely miss P0WERM0DE's ghost. Your headbutt misses P0WERM0DE's ghost.
P0WERM0DE's ghost is moderately damaged.
You feel very sick. P0WERM0DE's ghost hits you!
You are more poisoned.
You barely miss P0WERM0DE's ghost.
P0WERM0DE's ghost is moderately damaged.
You feel extremely sick. You block P0WERM0DE's ghost's attack.
You barely miss P0WERM0DE's ghost.
P0WERM0DE's ghost is moderately damaged.
You feel extremely sick.
You hit P0WERM0DE's ghost but do no damage.
P0WERM0DE's ghost is moderately damaged.
* * * LOW HITPOINT WARNING * * *
You feel very sick. You block P0WERM0DE's ghost's attack.
You hit P0WERM0DE's ghost but do no damage.
P0WERM0DE's ghost is moderately damaged.
* * * LOW HITPOINT WARNING * * *
You feel very sick. P0WERM0DE's ghost hits you!
* * * LOW HITPOINT WARNING * * *
You are more poisoned.
You barely miss P0WERM0DE's ghost.
You headbutt P0WERM0DE's ghost, but do no damage.
P0WERM0DE's ghost is moderately damaged.
* * * LOW HITPOINT WARNING * * *
You feel extremely sick.
You hit P0WERM0DE's ghost but do no damage.
You headbutt P0WERM0DE's ghost.
P0WERM0DE's ghost is moderately damaged.
You die...

...##⌠##...#<###
....##...##......
...##..!..##...# #..#⌠.!♣?.⌠#...#
#.# #..##.....##...# #.#
#...##...##....# #.#
#...##.##...# #.# #.#
#...#W#...## #.# #.# ##...@....##
#.# #.#### ##........## ###.#
#.##.## ###.......## ##.#.#
######.#...####.........####....#
..............+.........'.......#
######.#...####.........####....#
#........# ##.......## ##.#.#
#.##.#.#.# ##.....## ###.#
#.##.#.#.## ####...## #.#


You could see P0WERM0DE's ghost.

Vanquished Creatures
  A steam dragon (D:7)
  2 water moccasins
  A sky beast (D:7)
  4 black bears
  An ogre (D:5)
  3 phantoms
  A kobold brigand (D:6)
  3 bullfrogs
  4 scorpions
  A gnoll sergeant (D:6)
  3 wights (D:7)
  3 jellies
  A howler monkey (D:3)
  A quasit (D:7)
  2 orc priests
  A gnoll bouda (D:5)
  A hound (D:3)
  3 sleepcaps
  An iguana (D:5)
  2 orc wizards
  8 gnolls
  6 adders
  3 shadow imps
  4 white imps
  7 ufetubi
  A dart slug (D:3)
  10 orcs
  10 ball pythons
  6 bats
  7 endoplasms
  2 giant cockroaches (D:2)
  6 goblins
  6 hobgoblins
  15 kobolds
  4 quokkas
  A frilled lizard (D:1)
  8 rats
143 creatures vanquished.

Notes
Turn   | Place    | Note
-------+----------+-------------------------------------------
     0 | D:1      | LoNine the Minotaur Fighter began the quest for the Orb.
     0 | D:1      | Reached XP level 1. HP: 19/19 MP: 0/0
   165 | D:1      | Reached XP level 2. HP: 23/27 MP: 1/1
   171 | D:1      | Reached skill level 3 in Axes
   773 | D:2      | Reached XP level 3. HP: 33/33 MP: 2/2
  1186 | D:2      | Found an opulent altar of Gozag.
  1295 | D:2      | Found a faded altar of an unknown god.
  1421 | D:3      | Reached XP level 4. HP: 40/40 MP: 3/3
  1540 | D:3      | Noticed a scorpion
  1549 | D:3      | Killed a scorpion
  1550 | D:3      | Reached skill level 4 in Axes
  1566 | D:3      | Reached XP level 5. HP: 47/47 MP: 4/4
  2246 | D:3      | Reached skill level 5 in Axes
  2321 | D:4      | Reached XP level 6. HP: 54/55 MP: 5/5
  2548 | D:4      | Reached skill level 5 in Fighting
  2548 | D:4      | Reached skill level 5 in Armour
  2548 | D:4      | Reached skill level 5 in Shields
  3138 | D:4      | Reached skill level 6 in Axes
  3368 | D:4      | Found a broken altar of Ashenzari.
  3722 | D:5      | Entered Level 5 of the Dungeon
  3814 | D:5      | Reached XP level 7. HP: 61/61 MP: 6/6
  3878 | D:5      | Found a runed translucent gate.
  3879 | D:5      | Found a runed translucent gate.
  3880 | D:5      | Found a runed translucent gate.
  3881 | D:5      | Noticed tish's ghost (novice BaSu)
  4254 | D:5      | Reached skill level 7 in Axes
  4341 | D:5      | Reached XP level 8. HP: 57/70 MP: 7/7
  4400 | D:5      | Found a staircase to the Ecumenical Temple.
  4446 | D:5      | Found a shimmering altar of Xom.
  4648 | Temple   | Entered the Ecumenical Temple
  4648 | Temple   | Found a transporter.
  4648 | Temple   | Found a transporter.
  4650 | Temple   | Found a transporter.
  4650 | Temple   | Found a transporter.
  4685 | Temple   | Became a worshipper of Trog the Wrathful
  4817 | D:6      | Reached skill level 8 in Axes
  4909 | D:6      | Found Qotrec's Assorted Antiques.
  6228 | D:6      | Reached skill level 9 in Axes
  6378 | D:7      | Reached * piety under Trog
  6506 | D:7      | Found the amulet of Elemental Vulnerability {rPois rF--
                  | rC-- AC+8}
  6557 | D:7      | Reached XP level 9. HP: 63/79 MP: 5/8
  7081 | D:7      | Found a runed translucent door.
  7082 | D:7      | Noticed P0WERM0DE's ghost (novice DsCK)
  7105 | D:7      | HP: 4/120 [poisoned by P0WERM0DE's ghost]
  7106 | D:7      | Succumbed to P0WERM0DE's ghost's poison

Illustrated notes

Levels and vault maps discovered:
D:1:      denvon_arrival_waterhouse, layout_rooms, minmay_liquid_box
D:2:      layout_rooms, dilly_ecumenical_altar_fadedgnrine, basic_altar
D:3:      layout_rooms, corner_web_ring
D:4:      layout_layer_cave, nicolae_ashenzari_skybound, eino_tiny_chamber,
          hangedman_minor_gate_pass
D:5:      layout_gridville, xom_confusion_cloud, minmay_temple_entry_water_ring,
          ebering_ghost_rock_garden, minivault_11, minmay_misc_feat_columns,
          serial_park_tiny_2
D:6:      layout_basic, serial_shops, nicolae_shop_window_shopping
D:7:      layout_loops_corners, serial_demonic, serial_demonic_f,
          serial_demonic_c, serial_demonic_e, serial_demonic_d,
          serial_demonic_a, serial_demonic_f, hellmonk_ghost_happy_afterlife,
          kennysheep_small_square
Temple:   hellmonk_temple_divided_pantheon

Skill      XL: |  1  2  3  4  5  6  7  8 |
---------------+-------------------------+-----
Axes           | 3 4 5 6 7 9 |  9.9
Fighting       | 4 5 6 7 |  7.6
Armour         | 4 5 6 7 |  7.7
Shields        | 4 5 6 7 |  7.7

Action                     |  1- 3 |  4- 6 |  7- 9 || total
---------------------------+-------+-------+-------++-------
  Melee: War axe           |    76 |    90 |   213 ||   379
         Headbutt          |     8 |     7 |    35 ||    50
  Throw: Stone             |       |    34 |       ||    34
         Boomerang         |       |       |     1 ||     1
 Invoke: Berserk           |       |       |     1 ||     1
    Use: Scroll            |     6 |     7 |     6 ||    19
 Armour: Scale mail        |    27 |       |       ||    27
         Chain mail        |    21 |    57 |   127 ||   205
  Dodge: Dodged            |    40 |    33 |    66 ||   139
  Block: Buckler           |    25 |    11 |    19 ||    55
         Kite shield       |       |       |    49 ||    49
